Map: Glittering Ashes LE

Players

ColonelHamm

  • Race: Zerg Zerg
  • League: Diamond

Pandemic - Winner!

  • Race: Terran Terran
  • League: Platinum

VOD

Have the link to the VOD?

Description

Time

  • Played on: Oct. 23, 2021, 12:22 p.m.
  • Length: 21:41
Show
View Real Time Build Order
Export as new Build Order

ColonelHamm Zerg 

Build Orders: Hatch First, Swarm Host 

Get SALT Encoding   

  12  0:08  Overlord  
  12  0:20  Drone  
  13  0:21  Drone  
  13  0:27  Drone  
  15  0:33  Drone  
  16  0:42  Drone  
  17  0:56  Hatchery  
  16  1:03  Drone  
  16  1:04  Drone  
  18  1:18  Drone, Spawning Pool  
  17  1:22  Extractor  
  17  1:27  Drone  
  18  1:32  Extractor  
  18  1:37  Drone  
  18  1:46  Drone  
  20  2:08  Drone  
  20  2:12  Drone  
  21  2:18  Drone  
  21  2:19  Drone  
  21  2:20  Drone  
  21  2:21  Queen x2  
  28  2:28  Overlord  
  28  2:52  Drone x4  
  28  2:53  Drone  
  33  3:04  Overlord  
  33  3:05  Drone  
  34  3:08  Roach Warren  
  34  3:09  Evolution Chamber  
  34  3:11  Evolution Chamber  
  31  3:15  Drone x2  
  33  3:26  Drone x2  
  35  3:31  Drone x3  
  38  3:48  Drone x3  
  40  3:49  Drone x3  
  40  3:55  Zerg Missile Weapons Level 1  
  44  3:56  Zerg Ground Armor Level 1  
  44  4:00  Lair  
  44  4:10  Overlord  
  44  4:11  Overlord  
  44  4:13  Extractor, Drone  
  44  4:15  Hatchery  
  43  4:35  Drone x4  
  47  4:39  Extractor, Drone x4  
  50  4:46  Overlord  
  50  4:47  Overlord  
  52  4:53  Roach x4  
  51  5:03  Roach x2  
  46  5:12  Roach  
  46  5:17  Drone x2  
  46  5:18  Drone  
  46  5:19  Drone x2  
  51  5:32  Drone x3  
  54  5:40  Overseer  
  51  5:51  Spore Crawler  
  51  5:53  Queen  
  53  5:58  Drone  
  53  5:59  Drone x6  
  53  6:02  Queen  
  53  6:04  Drone x2  
  62  6:15  Drone  
  62  6:16  Drone x4, Spore Crawler  
  66  6:24  Zerg Missile Weapons Level 2  
  66  6:28  Zerg Ground Armor Level 2  
  66  6:31  Glial Reconstitution  
  66  6:44  Drone  
  66  6:45  Drone x3  
  70  6:53  Drone x4  
  70  6:54  Drone x5  
  79  7:07  Drone x3  
  79  7:08  Infestation Pit  
  81  7:09  Hydralisk Den, Drone  
  81  7:13  Overlord x3  
  81  7:24  Overlord x2  
  81  7:28  Burrow  
  81  7:33  Extractor x2, Roach x2  
  81  7:34  Roach x3  
  89  7:38  Overseer  
  89  7:43  Roach x4  
  89  7:44  Roach  
  97  7:47  Roach x2  
  97  7:50  Spore Crawler  
  100  7:57  Roach x3  
  102  8:12  Roach x2  
  104  8:13  Roach  
  104  8:15  Roach  
  104  8:16  Roach  
  106  8:23  Hive  
  106  8:25  Grooved Spines, Overlord x2  
  106  8:26  Overlord  
  106  8:39  Overlord x2  
  106  8:40  Roach x12  
  104  8:45  Hatchery  
  97  9:02  Roach x4  
  105  9:04  Infestor x2  
  105  9:05  Infestor x2  
  105  9:08  Swarm Host x3  
  105  9:09  Swarm Host  
  125  9:17  Queen  
  127  9:28  Hydralisk x4  
  135  9:43  Zerg Missile Weapons Level 3  
  135  9:47  Zerg Ground Armor Level 3  
  135  9:58  Overseer  
  135  10:01  Hydralisk  
  135  10:02  Hydralisk x3  
  143  10:09  Drone  
  144  10:27  Extractor  
  143  10:30  Extractor  
  142  10:40  Overlord  
  142  10:41  Overlord x2  
  142  10:43  Hatchery  
  142  10:47  Spire  
  140  10:54  Hydralisk x2  
  140  10:55  Overlord x3  
  140  10:56  Overlord  
  144  11:02  Drone x4  
  144  11:03  Drone  
  149  11:17  Hydralisk x4  
  157  11:23  Roach x3  
  157  11:24  Overseer  
  163  11:35  Ultralisk Cavern  
  163  11:36  Tunneling Claws  
  163  11:38  Drone x3  
  165  11:43  Drone x2  
  102  12:17  Swarm Host x6  
  102  12:18  Swarm Host x2, Viper  
  102  12:19  Viper x2  
  135  12:24  Zerg Melee Weapons Level 1  
  135  12:30  Chitinous Plating  
  135  12:36  Overseer, Overlord  
  135  12:37  Overlord x2  
  135  12:49  Hydralisk  
  135  12:50  Hydralisk  
  139  12:56  Hatchery  
  130  13:39  Hydralisk, Roach x4  
  130  13:40  Hydralisk x6, Roach x3  
  130  13:41  Hydralisk x2  
  158  13:42  Roach x2  
  158  13:47  Corruptor x2  
  170  14:09  Hydralisk x4, Roach  
  175  14:25  Hydralisk  
  175  14:26  Hydralisk x4  
  175  14:27  Roach x2  
  184  14:42  Overlord  
  184  14:43  Overlord x2  
  184  14:47  Overlord x2  
  184  15:01  Nydus Network  
  184  15:02  Corruptor x4  
  191  15:22  Zergling x2  
  191  15:23  Zergling x14  
  191  15:24  Zerg Melee Weapons Level 2  
  191  15:27  Anabolic Synthesis  
  199  15:44  Nydus Canal  
  185  16:17  Zergling x6  
  185  16:18  Ultralisk x3, Zergling x14  
  176  16:19  Zergling x6  
  129  16:36  Ultralisk  
  129  16:37  Zergling x10  
  129  16:39  Metabolic Boost  
  129  17:00  Roach x6  
  129  17:01  Roach  
  136  17:07  Hydralisk x3  
  125  17:22  Hydralisk  
  125  17:23  Hydralisk x4  
  135  17:34  Roach x3  
  135  17:35  Hydralisk  
  109  18:03  Roach x3  
  109  18:04  Roach x2  
  109  18:05  Hydralisk x3  
  102  18:06  Hydralisk  
  107  18:14  Roach x2  
  107  18:18  Hydralisk  
  81  18:31  Nydus Network  
  70  18:48  Zergling x8  
  72  18:52  Baneling Nest  
  71  18:59  Hydralisk x2  
  73  19:03  Ravager  
  73  19:04  Ravager x2  
  73  19:07  Muscular Augments  
  75  19:37  Infestor x2  
  76  19:40  Roach x6  
  76  19:41  Roach  
  90  20:01  Hatchery  
  90  20:03  Roach x6  
  89  20:16  Infestor  
  58  20:41  Zergling x2  
  58  20:42  Zergling x4  
  45  20:56  Zergling x6  
  45  20:57  Zergling x2  
  42  21:01  Baneling x3  
  42  21:03  Baneling  
  37  21:24  Zergling x4  
Show
View Real Time Build Order
Export as new Build Order

Pandemic Terran - Winner!

Build Orders: Hellion Banshee 

Get SALT Encoding   

  12  0:00  SCV  
  13  0:12  SCV  
  14  0:17  Supply Depot  
  14  0:24  SCV  
  14  0:27  Refinery  
  15  0:38  SCV  
  16  0:45  Barracks  
  16  0:50  SCV  
  17  1:02  SCV  
  18  1:14  SCV  
  19  1:27  SCV  
  19  1:32  Marine  
  21  1:39  Orbital Command  
  21  1:49  Command Center  
  21  1:56  Supply Depot  
  21  1:59  Barracks Reactor  
  21  2:06  SCV  
  22  2:14  Factory  
  22  2:18  SCV  
  23  2:27  Bunker  
  23  2:30  SCV  
  23  2:34  Marine  
  23  2:35  Marine  
  26  2:42  SCV  
  27  2:54  Refinery, SCV  
  28  3:04  Barracks Tech Lab  
  28  3:05  Orbital Command  
  28  3:06  Starport, SCV  
  28  3:10  Hellion  
  31  3:16  Hellion  
  31  3:18  SCV  
  34  3:30  SCV  
  34  3:32  SCV  
  36  3:38  Barracks Tech Lab  
  36  3:40  Supply Depot, Hellion x2  
  40  3:43  SCV  
  40  3:44  SCV  
  42  3:55  SCV  
  43  3:56  SCV  
  43  4:01  Banshee, Hellion  
  43  4:02  Supply Depot, Hellion  
  51  4:06  Marine  
  51  4:07  SCV  
  51  4:08  SCV  
  54  4:10  Combat Shield  
  54  4:16  Barracks  
  54  4:20  Barracks  
  54  4:23  SCV  
  55  4:25  Supply Depot  
  55  4:29  Supply Depot, SCV  
  56  4:33  Hellion  
  56  4:35  SCV  
  56  4:37  Marine, Hellion  
  62  4:47  SCV x2  
  64  4:59  SCV  
  65  5:04  SCV  
  66  5:11  SCV  
  67  5:16  SCV  
  67  5:18  Barracks Reactor x2  
  68  5:22  Refinery  
  68  5:23  SCV  
  68  5:24  Refinery  
  68  5:27  Siege Tank  
  68  5:28  SCV  
  73  5:29  Stimpack  
  73  5:30  Command Center  
  73  5:31  Supply Depot  
  73  5:35  SCV  
  74  5:36  Supply Depot  
  74  5:39  Supply Depot  
  74  5:40  Supply Depot, SCV  
  75  5:47  Marine, SCV  
  77  5:52  Medivac, SCV  
  77  5:53  Supply Depot  
  80  6:01  SCV  
  81  6:05  Marine  
  81  6:06  Siege Tank, Marine  
  81  6:07  Marine x3  
  89  6:13  Supply Depot  
  89  6:14  Supply Depot  
  89  6:23  Marine  
  89  6:24  Marine x3  
  89  6:25  Marine  
  94  6:27  Armory  
  94  6:32  Engineering Bay  
  94  6:36  SCV x2  
  94  6:39  Barracks  
  96  6:41  Marine  
  96  6:42  Marine x4  
  96  6:43  Barracks  
  101  6:48  SCV x2  
  103  6:55  Medivac x2  
  103  6:59  Marine  
  103  7:00  Refinery, SCV x2, Marine x2  
  112  7:02  Orbital Command  
  112  7:04  Refinery  
  112  7:06  Terran Infantry Weapons Level 1  
  112  7:12  SCV x2, Marine x2  
  116  7:16  Concussive Shells  
  116  7:24  SCV x2  
  116  7:25  Medivac x2  
  114  7:45  Siege Tank  
  114  7:48  Marine x5  
  114  7:49  Barracks Reactor  
  122  7:51  Barracks Tech Lab  
  122  7:55  Medivac  
  124  8:02  Command Center  
  118  8:05  Marine  
  118  8:08  Marine x3  
  118  8:09  Marine x2  
  111  8:17  Siege Tank  
  111  8:19  SCV  
  109  8:23  Marine, SCV x2  
  109  8:26  Marine x2  
  116  8:27  Marauder x2  
  116  8:29  Marine x3  
  116  8:31  SCV  
  122  8:35  SCV x2  
  122  8:40  Supply Depot, Engineering Bay  
  124  8:41  Marine  
  124  8:42  Terran Vehicle And Ship Armor Level 1  
  124  8:43  SCV  
  124  8:44  Marine x2  
  124  8:46  Marine  
  124  8:47  SCV  
  124  8:48  Marauder, SCV  
  129  8:49  Marauder  
  129  8:55  SCV  
  132  8:59  SCV  
  132  9:00  SCV  
  132  9:02  Siege Tank, Supply Depot  
  135  9:07  SCV  
  138  9:10  Marauder x2  
  138  9:11  Missile Turret, SCV  
  138  9:12  Missile Turret, SCV  
  138  9:13  Terran Infantry Weapons Level 2, Sensor Tower  
  142  9:17  Missile Turret  
  142  9:27  Factory  
  142  9:29  Starport  
  146  9:31  Marauder x2  
  146  9:34  Siege Tank  
  149  9:42  Marine x6  
  155  9:47  Medivac x2  
  155  9:52  Marauder, Marine  
  162  10:00  Marine x3  
  162  10:06  Siege Tank  
  168  10:07  Starport Tech Lab  
  168  10:08  Marine x2  
  168  10:11  Factory Tech Lab  
  170  10:15  Sensor Tower  
  170  10:18  Marine x3  
  170  10:19  Marine x3  
  170  10:20  Medivac x2  
  180  10:35  Marine x2  
  180  10:36  Marine x6, SCV x3  
  180  10:38  Siege Tank  
  180  10:39  Supply Depot  
  180  10:40  Refinery  
  180  10:41  Terran Vehicle Weapons Level 1  
  180  10:42  Terran Infantry Armor Level 1  
  194  10:44  Refinery  
  194  10:48  SCV x2  
  196  10:55  Supply Depot  
  196  10:58  Missile Turret  
  196  11:00  Medivac, Marine x2  
  196  11:02  Supply Depot  
  200  11:09  Command Center  
  200  11:10  Marine, SCV  
  200  11:11  Marine  
  200  11:12  Marine  
  200  11:13  Thor x2  
  200  11:17  Planetary Fortress  
  195  11:24  Missile Turret  
  198  11:26  Marine x5  
  198  11:29  Supply Depot  
  200  11:47  Missile Turret  
  200  11:51  Supply Depot  
  188  12:00  Marine x8  
  149  12:08  Missile Turret  
  147  12:17  Marine  
  147  12:18  Marine x7  
  155  12:28  Missile Turret  
  155  12:35  Marine x3  
  155  12:36  Marine x5  
  163  12:50  Barracks  
  163  12:52  Command Center  
  163  12:53  Terran Infantry Armor Level 2, Barracks, Marine x5  
  163  12:54  Terran Infantry Weapons Level 3, Missile Turret, Marine x3  
  163  12:55  Barracks, Terran Vehicle Weapons Level 2  
  163  12:57  Missile Turret  
  171  13:11  Marine x8  
  166  13:29  Marine x8  
  166  13:30  Thor  
  180  13:46  Barracks Reactor  
  180  13:47  Marine x8  
  189  13:49  Barracks Tech Lab  
  189  13:53  Raven  
  189  13:54  Medivac x2  
  188  14:04  Marine  
  188  14:05  Marauder x2, Marine x3  
  188  14:06  Factory Tech Lab  
  196  14:13  Thor  
  185  14:24  Viking x2, Marine x9  
  174  14:27  Marauder x2  
  184  14:36  Thor, Raven  
  184  14:38  SCV  
  180  14:41  Marine  
  180  14:42  Marine x8  
  180  14:43  Planetary Fortress  
  180  14:45  SCV  
  189  14:46  Orbital Command  
  189  14:48  Marauder, Marine  
  189  14:49  Refinery  
  189  14:50  Refinery  
  192  14:54  Medivac x2  
  192  14:56  Siege Tank  
  192  14:59  Marine  
  189  15:19  Raven  
  191  15:24  Medivac  
  193  15:30  Marine x4  
  193  15:31  Marine x3  
  193  15:34  Missile Turret  
  200  15:38  Terran Infantry Armor Level 3  
  200  15:43  Missile Turret  
  200  15:45  Sensor Tower  
  200  15:48  Terran Vehicle Weapons Level 3  
  200  15:50  Hi-Sec Auto Tracking  
  200  15:56  Armory  
  194  16:17  Marine x7  
  194  16:18  Marine x4  
  161  16:35  Marine x11  
  162  16:47  Neosteel Armor  
  162  16:53  Marine x11  
  171  17:10  Marine  
  171  17:11  Marine x9  
  171  17:15  Marine  
  181  17:28  Medivac, Marine  
  181  17:29  Marine x9  
  193  17:33  Marine  
  194  17:37  Thor  
  168  18:02  Marine x11  
  174  18:07  Orbital Command  
  171  18:19  Marine  
  161  18:30  Marine  
  161  18:31  Marine x5  
  167  18:37  Marauder  
  163  19:07  Command Center  
  150  19:39  Marine x8  
  150  19:40  Marine x2  
  150  19:43  Marauder  
  162  19:56  Command Center  
  162  19:58  Marauder  
  164  20:06  Command Center  
  163  20:23  Medivac x3  
  154  20:39  Orbital Command  
Tags
 
Add a new tag
Caveats
  • Supply blocks, unpowered buildings, or Contaminate may cause inaccurate times.
  • Supply counts are checked every 10 seconds.